 Dungeon Crawl Stone Soup version 0.16-a0-2254-g943817a (webtiles) character file.

169 zzz the Insei (level 5, 0/37 HPs)
             Began as a Merfolk Transmuter on Nov 15, 2014.
             Slain by an orc wizard
             ... wielding a +0 dagger
              (2 damage)
             ... on level 4 of the Dungeon.
             The game lasted 00:06:19 (3240 turns).

zzz the Insei (Merfolk Transmuter)                  Turns: 3240, Time: 00:06:19

Health: 0/37       AC:  2    Str: 10    XL:     5   Next: 50%
Magic:  6/9        EV: 21    Int: 14    God:
Gold:   198        SH:  0    Dex: 20    Spells: 3 memorised, 2 levels left

rFire  . . .     SeeInvis .       - Unarmed
rCold  . . .     Clarity  .     c - melded +0 robe
rNeg   . . .     SustAb   .     (shield currently unavailable)
rPois  x         Gourm    .     (helmet currently unavailable)
rElec  .         Spirit   .     (cloak currently unavailable)
rCorr  .         Warding  .     p - melded +0 pair of gloves
rMut   .         Stasis   .     f - melded +0 pair of boots
MR     .....                    (no amulet)
Stlth  ++........               y - +1 ring of dexterity
                                h - +3 ring of slaying

@: spider-form (expiring), not resistant to hostile enchantments, unstealthy
A: (change form in water), (swift swim)
a: End Transformation


You were on level 4 of the Dungeon.
You were not hungry.
You were a venomous arachnid creature.
You visited 1 branch of the dungeon, and saw 4 of its levels.

You collected 198 gold pieces.

Inventory:

Hand weapons
 j - the +6 whip of Dissent {freeze, rN+}
   (You found it on level 4 of the Dungeon)

   It has been specially enchanted to freeze those struck by it, causing extra
   injury to most foes and up to double damage against particularly susceptible
   opponents.
   It can also slow down cold-blooded creatures.
   It protects you from negative energy.
Missiles
 b - 32 arrows
Armour
 c - a +0 robe (melded)
 f - a +0 pair of boots (melded)
 p - a +0 pair of gloves (melded)
Jewellery
 h - a +3 ring of slaying (left front leg)
 i - an uncursed ring of positive energy
 m - an uncursed ring of see invisible
 o - an uncursed ring of teleportation
 y - a +1 ring of dexterity (right front leg)
Scrolls
 g - a scroll of identify
 n - 2 scrolls of blinking
 u - a scroll of fog {unknown}
 w - a scroll of recharging {unknown}
 x - a scroll of magic mapping
Potions
 e - a potion of magic
 l - a potion of might {unknown}
 q - 2 potions of curing
 r - a potion of agility {unknown}
 s - 2 potions of lignification {unknown}
 v - a potion of invisibility {unknown}
Books
 d - a book of Changes

   Spells                             Type                      Level
   *Beastly Appendage                 Transmutation                1
   *Sticks to Snakes                  Transmutation                2
   *Spider Form                       Transmutation/Poison         3
   Ice Form                           Ice/Transmutation            4
   Blade Hands                        Transmutation                5
Comestibles
 a - 3 bread rations
 k - 2 beef jerkies
 t - 3 meat rations


   Skills:
 - Level 1.1 Fighting
 - Level 2.6 Dodging
 - Level 5.0 Unarmed Combat
 - Level 2.0 Spellcasting
 + Level 4.3 Transmutations
 + Level 2.8 Poison Magic


You had 2 spell levels left.
You knew the following spells:

 Your Spells              Type           Power        Failure   Level  Hunger
a - Beastly Appendage     Trmt           ##....       14%         1    ##.....
b - Spider Form           Trmt/Pois      ##........   36%         3    ####...
c - Sticks to Snakes      Trmt           ##........   24%         2    ###....


Dungeon Overview and Level Annotations

Branches:
Dungeon (4/15)
 Temple: D:4-7

Altars:
Nemelex Xobeh
Yredelemnul
The Shining One


Message History

An orc and an orc priest come into view.
Casting: Beastly Appendage
Confirm with . or Enter, or press ? or * to list all spells.
You turn into a venomous arachnid creature.
Your +0 pair of gloves melds into your body.
Your +0 pair of boots melds into your body.
Your +0 robe melds into your body.
The orc priest calls down the wrath of Beogh upon you.
Something smites you!
An orc wizard comes into view. It is wielding a dagger.
The orc priest looks braver.
Your transformation is almost over.
The orc priest mumbles some strange prayers to Beogh against you.
Something smites you! The orc closely misses you.
The orc priest calls down the wrath of Beogh upon you.
Something smites you!
* * * LOW HITPOINT WARNING * * *
The orc wizard hits you with a dagger.
You die...

#...##.##......## A#._..
##..#..##........# ##§.§.
#.....#...........# ####
##...............##### ##
##....#..........)....###.
#......#...............##.
###......................#.
#.#....oooo.......<#.......
##....[...s.......###......
##...............##.......
###.......................
#.........................
#........<................
#.........................
###.....#.......##..........
#...............#...........
###.........................


You could see 2 orc priests, an orc wizard and an orc.

Vanquished Creatures
  A giant frog skeleton (D:4)
  A hound skeleton (D:4)
  3 adders
  A worm (D:2)
  A giant gecko (D:1)
  An ooze (D:1)
  2 orcs (D:3)
  5 giant cockroaches
  4 hobgoblins
  4 jackals (D:1)
  A quokka (D:4)
  2 ball pythons
  5 bats
  2 giant newts
  5 goblins
  4 kobolds
  4 rats
46 creatures vanquished.

Vanquished Creatures (collateral kills)
  An ogre (D:4)
1 creature vanquished.

Grand Total: 47 creatures vanquished

Notes
Turn   | Place    | Note
--------------------------------------------------------------
     0 | D:1      | zzz, the Merfolk Transmuter, began the quest for the Orb.
     0 | D:1      | Reached XP level 1. HP: 15/15 MP: 3/3
   297 | D:1      | Reached XP level 2. HP: 12/21 MP: 2/4
   507 | D:1      | Reached skill level 4 in Unarmed Combat
   713 | D:1      | Found a sparkling altar of Nemelex Xobeh.
  1037 | D:2      | Reached XP level 3. HP: 19/26 MP: 4/6
  1253 | D:2      | Reached skill level 5 in Unarmed Combat
  1259 | D:2      | Learned a level 3 spell: Spider Form
  1603 | D:2      | Reached XP level 4. HP: 27/32 MP: 7/7
  2172 | D:3      | Reached skill level 1 in Poison Magic
  2461 | D:4      | Noticed an ogre
  2745 | D:3      | Learned a level 2 spell: Sticks to Snakes
  2802 | D:4      | Got an ancient whip
  2804 | D:4      | Killed an ogre
  2804 | D:4      | Reached XP level 5. HP: 18/37 MP: 1/9
  2961 | D:4      | Identified the +6 whip of Dissent {freeze, rN+} (You found it on level 4 of the Dungeon)
  3147 | D:4      | Found a basalt altar of Yredelemnul.
  3151 | D:4      | Found a glowing golden altar of the Shining One.
  3152 | D:4      | Noticed an angel
  3240 | D:4      | Slain by an orc wizard

Action                   |  1- 3 |  4- 6 || total
-------------------------+-------+-------++-------
Melee: Unarmed           |   123 |    60 ||   183
 Cast: Beastly Appendage |    12 |     4 ||    16
       Sticks to Snakes  |       |     4 ||     4
       Spider Form       |       |     2 ||     2
  Use: Scroll            |     5 |       ||     5
       Potion            |       |     3 ||     3
 Stab: Sleeping          |     1 |       ||     1
  Eat: Chunk             |     2 |     6 ||     8
